 Dungeon Crawl Stone Soup version 0.32-a0-450-g080537f31e (webtiles) character file.

Game seed: 2316241476803871152

17 twalesijr the Chopper (level 2, 22/22 HPs)
             Began as a Coglin Gladiator on Feb 23, 2024.
             Quit the game on level 1 of the Dungeon.
             The game lasted 00:01:31 (318 turns).

twalesijr the Chopper (Coglin Gladiator)             Turns: 318, Time: 00:01:31

Health: 22/22      AC:  4    Str: 14    XL:     2   Next: 62%
Magic:  2/2        EV: 12    Int:  7    God:
Gold:   45         SH:  0    Dex: 15    Spells: 1/1 levels left

rFire   . . .        a - +0 war axe {Umi}
rCold   . . .        (no shield)
rNeg    . . .        b - +0 leather armour
rPois   .            c - +0 helmet
rElec   .            (no cloak)
rCorr   .            (no gloves)
SInv    .            (no boots)
Will    .....        (no amulet)
Stlth   +            (no ring)
HPRegen 0.23/turn    (no ring)
MPRegen 0.08/turn

%: no passive effects
@: no status effects
A: off-hand wielding, slow wielding, warmup strikes, legs shutdown
a: no special abilities


You were on level 1 of the Dungeon.
You visited 1 branch of the dungeon, and saw 1 of its levels.

You collected 45 gold pieces.

Inventory:

Hand Weapons
 a - a +0 war axe (weapon) {Umi}
Missiles
 d - 3 throwing nets (quivered)
 e - a javelin
Armour
 b - a +0 leather armour (worn)
 c - a +0 helmet (worn)
Scrolls
 f - 2 scrolls of identify {unknown}
Potions
 g - a potion of curing {unknown}


   Skills:
 + Level 2.2 Fighting
 + Level 3.3 Axes
 + Level 1.8 Throwing
 + Level 3.0 Dodging


You had one spell level left.
You didn't know any spells.
Your spell library was empty.

Dungeon Overview and Level Annotations

Branches:
Dungeon (1/15)

Altars:

Shops:
D:1 !***!


Innate Abilities, Weirdness & Mutations

You can wield a second weapon in your off-hand.
It takes a long time for you to wield or remove held weapons.
Your first few attacks do less damage.
Attacking and casting redirects power from your legs.


Message History

You now have 45 gold pieces (gained 11).
There is an entrance to Bampyut's Assorted Antiques here.
You see here 3 poisoned darts.
Things that are here:
a +0 dagger; a goblin corpse
There is an entrance to Bicuot's General Store here.
An endoplasm comes into view.
An endoplasm is nearby!
An endoplasm is nearby!
An endoplasm is nearby!
The endoplasm quivers.
The endoplasm freezes you.
You are frozen.
You hit the endoplasm.
The endoplasm is heavily wounded.
The endoplasm hits you. x2
You slash the endoplasm!
You kill the endoplasm!
No target in view!
There is a shaft here.
A quokka comes into view.
A quokka is nearby!
A quokka is nearby!
You slash the quokka!
You kill the quokka!
No target in view!
No target in view!
You see here a quokka corpse.
A hobgoblin comes into view.
The hobgoblin shouts!
A frilled lizard comes into view.
There are monsters nearby!
There are monsters nearby!
There are monsters nearby!
A giant cockroach comes into view.
Found a whip.
A rat, a goblin and a quokka come into view.
The goblin is wielding a +1 dagger of venom.
The rat squeaks loudly.
The frilled lizard hisses angrily.
Are you sure you want to abandon this character and quit the game? (Confirm with "yes".)

.....##.........#.###.#
.......#.....###.#...#.#
...........#....≈≈§≈≈≈≈≈
...........#####≈∩..§...
...........# #.≈≈§≈§≈≈§
...B.......# #.........
r.......#.#####....##.##
.r.............†...^....
.....$.@#.###########.##
g....g..#.# #..#
........#.# ##.#
........#.# #..
.......l#.# #####
.......#... .....
..)...# ... ##### ######
. #### ###...


You could see a quokka (wandering), a giant cockroach, a hobgoblin, a goblin
(wandering), a frilled lizard and a rat.

Vanquished Creatures
  A dart slug (D:1)
  2 endoplasms (D:1)
  A hobgoblin (D:1)
  A kobold (D:1)
  4 quokkas (D:1)
  A bat (D:1)
  A frilled lizard (D:1)
  2 goblins (D:1)
13 creatures vanquished.

Notes
Turn   | Place    | Note
-------+----------+-------------------------------------------
     0 | D:1      | twalesijr the Coglin Gladiator began the quest for the Orb.
     0 | D:1      | Reached XP level 1. HP: 16/16 MP: 1/1
   110 | D:1      | Found Waerchoj's Distillery.
   114 | D:1      | Reached XP level 2. HP: 22/22 MP: 2/2
   173 | D:1      | Found Ingyuboi's Assorted Antiques.
   199 | D:1      | Found Bampyut's Assorted Antiques.
   203 | D:1      | Found Joblesock's Distillery.
   206 | D:1      | Found Bicuot's General Store.
   318 | D:1      | Quit the game

Illustrated notes

Levels and vault maps discovered:
D:1:      lightli_iron_boxes, layout_rooms, serial_shops, shop,
          nicolae_shop_peninsula, nicolae_diamond_shop,
          nicolae_shop_pleasant_corner_grove, shop,
          chequers_serial_rivers_small_b

Skill      XL: |  1  2 |
---------------+-------+-----
Dodging        | 3 |  3.0
Fighting       | |  2.2
Axes           | |  3.3
Throwing       | |  1.8

Action                     || total
---------------------------++-------
  Melee: War axe           ||    23
 Armour: Leather armour    ||    20
  Dodge: Dodged            ||    22

Table legend: (Time is in decaauts)
 A = Elapsed time spent in this place.
 B = Non-inter-level travel time spent in this place.
 C = Inter-level travel time spent in this place.
 D = Time resting spent in this place.
 E = Time spent auto-exploring this place.
 F = Levels seen in this place.
 G = Mean time per level.
                   A        B        C        D        E       F      G
               +--------+--------+--------+--------+--------+-----+--------+
         Total |    325 |    325 |      0 |      0 |    252 |   1 |  325.0 |
       Dungeon |    325 |    325 |      0 |      0 |    252 |   1 |  325.0 |
               +--------+--------+--------+--------+--------+-----+--------+

Top non-repeatable levels by time:
     D:1: 325 daAuts
